 Dungeon Crawl Stone Soup version 0.17.1-1-g73c8601 (webtiles) character file.

1437 HughJohnson the Carver (level 8, 0/68 HPs)
             Began as a Deep Dwarf Berserker on Dec 21, 2015.
             Was an Elder of Trog.
             Slain by an ogre
             ... wielding a +0 giant club
              (21 damage)
             ... on level 5 of the Dungeon on Dec 22, 2015.
             The game lasted 00:25:15 (4781 turns).

HughJohnson the Carver (Deep Dwarf Berserker)       Turns: 4781, Time: 00:25:15

Health: 0/68       AC:  7    Str: 23    XL:     8   Next: 45%
Magic:  10/10      EV: 11    Int:  8    God:    Trog [****..]
Gold:   291        SH:  0    Dex: 12    Spells: 0 memorised, 7 levels left

rFire  . . .     SeeInvis +     a - +0 falchion
rCold  . . .     Clarity  .     v - +0 ring mail
rNeg   . . .     SustAt   .     (no shield)
rPois  .         Gourm    .     (no helmet)
rElec  .         Spirit   .     b - +1 cloak {+Inv}
rCorr  .         Warding  .     (no gloves)
rMut   .         Stasis   .     (no boots)
MR     +....                    (no amulet)
Stlth  +.........               (no ring)
                                q - ring of see invisible

@: non-regenerating, somewhat resistant to hostile enchantments, very unstealthy
A: damage resistance, recharge devices, sense surroundings 1, slow regeneration
3
a: Device Recharging, Berserk, Trog's Hand, Brothers in Arms, Burn Spellbooks,
Renounce Religion, Evoke Invisibility


You were on level 5 of the Dungeon.
You worshipped Trog.
Trog was greatly pleased with you.
You were very hungry.

You visited 1 branch of the dungeon, and saw 6 of its levels.
You also visited: Sewer.

You collected 291 gold pieces.

Inventory:

Hand Weapons
 a - a +0 falchion (weapon)
Missiles
 f - 7 javelins (quivered)
 s - 3 bolts of flame
 u - 17 poisoned needles
 y - 52 bolts
Armour
 b - a +1 cloak of invisibility (worn)
 v - a +0 ring mail (worn)
 w - a +0 cloak
Jewellery
 q - a ring of see invisible (left hand)
 t - an uncursed ring of see invisible
Wands
 c - a wand of heal wounds (1)
 z - a wand of slowing (9)
 M - a wand of lightning (8)
Scrolls
 e - 10 scrolls of identify {unknown}
 i - 5 scrolls of remove curse {unknown}
 j - a scroll of amnesia {unknown}
 o - 7 scrolls of teleportation
 r - 2 scrolls of random uselessness {unknown}
 A - a scroll of fear {unknown}
 E - a scroll of recharging {unknown}
 I - a scroll of enchant weapon {unknown}
 J - a scroll of immolation {unknown}
Potions
 g - a potion of resistance
 h - 5 potions of curing {unknown}
 k - 4 potions of lignification {unknown}
 m - 2 potions of heal wounds {unknown}
 n - a potion of cancellation {unknown}
 p - a potion of ambrosia {unknown}
 B - 3 potions of flight {unknown}
 C - 2 potions of invisibility {unknown}
 D - 2 potions of poison {unknown}
 F - a potion of cure mutation {unknown}
 H - 2 potions of brilliance {unknown}
 L - 2 potions of agility {unknown}
 O - a potion of degeneration {unknown}
Books
 x - a book of Geomancy

   Spells                             Type                      Level
   a - Sandblast                      Earth                        1
   b - Stoneskin                      Transmutation/Earth          2
   c - Passwall                       Transmutation/Earth          3
   d - Stone Arrow                    Conjuration/Earth            3
   e - Petrify                        Transmutation/Earth          4
   f - Lee's Rapid Deconstruction     Earth                        5
   Trog disapproves of the use of such an item.
Comestibles
 d - 5 bread rations
 l - 5 fruits
 G - 2 slices of pizza
 K - a beef jerky
 N - a meat ration


   Skills:
 - Level 2.6 Fighting
 + Level 10.6 Long Blades
 - Level 2.1 Armour
 - Level 2.1 Dodging
 - Level 3.0 Evocations


You had 7 spell levels left.
You didn't know any spells.

Dungeon Overview and Level Annotations

Branches:
Dungeon (6/15)
 Temple: D:4-7

Altars:
Nemelex Xobeh
Okawaru
Zin

Shops:
D:4 [


Innate Abilities, Weirdness & Mutations

You are resistant to damage.
You can recharge devices by infusing magical energy.
You passively map a small area around you.
You do not regenerate naturally.


Message History

The ogre barely misses you.
There is an escape hatch in the ceiling here.
The giant cockroach bites you. The ogre hits you with a giant club!!
The giant cockroach bites you but does no damage.
A mysterious force pulls you upwards. The hatch slams shut behind you.
You closely miss the giant cockroach.
You feel yourself speed up. The giant cockroach closely misses you.
The ogre closely misses you.
You hit the giant cockroach.
The giant cockroach is lightly wounded.
The giant cockroach barely misses you. The ogre hits you with a giant club.
You slash the giant cockroach!
You kill the giant cockroach!
Trog accepts your kill.
You see here a giant cockroach corpse.
You slash the ogre!
The ogre is moderately wounded.
You feel less exhausted. The ogre hits you with a giant club!!
You die...

# #......# #..........#.##..## #
#......# ############.###..# #
#......# #.# ##.. ##...#..# #.#
##. #....#..# #.# ##
#####.#..#.## #.# # #.....#....#
#.# #..#..#...## ###########.#
#..#.....## #@O......†..#
#).#...#.#######.################
#................................
#.....##########.################
####### #.................
##################


You could see an ogre.

Vanquished Creatures
  The ghost of HughJohnson the Slasher, an amateur DDFi (D:3)
  An ice beast (D:6)
  2 ogres
  4 centaurs (D:5)
  A phantom (D:5)
  A big kobold (D:6)
  A scorpion (D:4)
  2 crimson imps
  A giant frog zombie (D:5)
  A quasit (D:5)
  2 orc wizards (D:4)
  Crazy Yiuf (D:5)
  An orc priest (D:4)
  Jessica (D:2)
  2 worker ants
  9 adders
  3 gnolls (D:2)
  A shadow imp (D:5)
  4 oozes
  2 adder zombies
  An adder skeleton (D:4)
  8 worms
  3 giant geckos
  4 orcs
  17 bats
  6 giant cockroaches
  7 goblins
  8 hobgoblins
  10 jackals
  14 kobolds
  3 quokkas
  4 ball pythons
  A giant cockroach zombie (D:6)
  4 giant newts
  A jackal skeleton (D:6)
  5 rats
137 creatures vanquished.

Notes
Turn   | Place    | Note
--------------------------------------------------------------
     0 | D:1      | HughJohnson the Deep Dwarf Berserker began the quest for the Orb.
     0 | D:1      | Reached XP level 1. HP: 20/20 MP: 1/1
    62 | D:1      | Reached XP level 2. HP: 21/27 MP: 2/2
   532 | D:1      | Reached skill level 4 in Long Blades
   532 | D:1      | Reached XP level 3. HP: 18/33 MP: 3/3
   575 | D:2      | Noticed Jessica
   596 | D:2      | Killed Jessica
   596 | D:2      | Reached ** piety under Trog
   612 | D:2      | Reached XP level 4. HP: 37/40 MP: 4/4
   645 | D:2      | Reached skill level 5 in Long Blades
   976 | D:2      | Found a glowing silver altar of Zin.
  1122 | D:3      | Reached XP level 5. HP: 37/46 MP: 5/5
  1412 | D:3      | Found a glowing drain.
  1417 | Sewer    | Entered a sewer
  1434 | Sewer    | Reached skill level 6 in Long Blades
  1936 | Sewer    | Reached *** piety under Trog
  2447 | D:3      | Noticed HughJohnson's ghost (amateur DDFi)
  2586 | D:4      | Noticed an ogre
  2589 | D:4      | Reached XP level 6. HP: 28/55 MP: 6/6
  2593 | D:4      | Reached skill level 7 in Long Blades
  2596 | D:4      | Killed an ogre
  2888 | D:4      | Found Ferezat's Antique Armour Shop.
  2977 | D:4      | Reached skill level 8 in Long Blades
  3159 | D:3      | Reached XP level 7. HP: 36/61 MP: 7/7
  3281 | D:3      | Killed HughJohnson's ghost
  3281 | D:3      | Reached skill level 1 in Evocations
  3464 | D:5      | Entered Level 5 of the Dungeon
  3537 | D:5      | Found an iron altar of Okawaru.
  3610 | D:5      | Found a sparkling altar of Nemelex Xobeh.
  3643 | D:5      | Reached skill level 9 in Long Blades
  3897 | D:5      | Noticed Crazy Yiuf
  3903 | D:5      | Killed Crazy Yiuf
  4336 | D:5      | Reached XP level 8. HP: 43/68 MP: 10/10
  4412 | D:5      | Reached skill level 10 in Long Blades
  4741 | D:6      | Reached **** piety under Trog
  4781 | D:5      | Slain by an ogre

Action                   |  1- 3 |  4- 6 |  7- 9 || total
-------------------------+-------+-------+-------++-------
Melee: Falchion          |    66 |   300 |   160 ||   526
Throw: Tomahawk          |     5 |    10 |       ||    15
       Javelin           |       |     1 |    11 ||    12
Invok: Berserk           |     2 |     6 |     6 ||    14
       Trog's Hand       |       |     4 |     3 ||     7
Evoke: Wand              |     1 |     2 |     1 ||     4
  Use: Scroll            |       |     1 |       ||     1
 Stab: Sleeping          |       |     1 |       ||     1
  Eat: Chunk             |       |    17 |    10 ||    27
       Fruit             |       |       |     1 ||     1
